Map: Oxide LE

Players

iloveoof - Winner!

  • Race: Terran Terran
  • League: Grandmaster

OiLTowN

  • Race: Zerg Zerg
  • League: Master

VOD

Have the link to the VOD?

Description

Time

  • Played on: May 8, 2021, 7:10 p.m.
  • Length: 18:10
Show
View Real Time Build Order
Export as new Build Order

iloveoof Terran - Winner!

Build Orders: Reaper Expand 

Get SALT Encoding   

  12  0:01  SCV  
  13  0:13  SCV  
  14  0:16  Supply Depot  
  14  0:25  SCV  
  15  0:38  SCV  
  15  0:39  Barracks  
  16  0:43  Refinery  
  16  0:50  SCV  
  17  1:02  SCV  
  18  1:14  SCV  
  19  1:26  Reaper  
  19  1:27  Orbital Command  
  20  1:41  Command Center  
  20  1:50  Supply Depot  
  20  1:52  SCV  
  21  1:58  Marine  
  22  2:04  SCV  
  23  2:13  Factory  
  23  2:20  SCV  
  23  2:22  Refinery  
  24  2:24  Barracks Reactor  
  24  2:32  SCV  
  25  2:44  SCV  
  26  2:55  Orbital Command  
  26  2:56  SCV  
  27  3:05  Starport  
  27  3:08  Hellion x2, SCV  
  27  3:09  Marine  
  33  3:15  Bunker  
  33  3:20  SCV  
  33  3:23  SCV  
  33  3:26  Bunker  
  34  3:33  SCV  
  35  3:34  Marine x2  
  35  3:39  SCV  
  38  3:41  Factory Tech Lab, Bunker  
  38  3:42  Starport Tech Lab  
  38  3:43  Supply Depot  
  38  3:45  SCV  
  39  3:51  SCV  
  39  3:55  Marine x2  
  42  3:57  SCV  
  42  4:01  Banshee  
  45  4:03  SCV  
  45  4:04  Cyclone  
  49  4:15  SCV  
  49  4:16  Marine x2  
  48  4:18  SCV  
  48  4:27  SCV  
  48  4:30  SCV  
  48  4:39  SCV  
  48  4:43  SCV  
  49  4:46  Banshee  
  49  4:47  Cloaking Field  
  52  4:53  Barracks, SCV  
  52  4:58  Barracks, Factory Reactor  
  53  5:01  Supply Depot  
  53  5:02  SCV  
  53  5:03  Supply Depot  
  54  5:08  Marine  
  54  5:09  Stimpack  
  54  5:10  SCV  
  54  5:14  SCV  
  57  5:22  SCV  
  57  5:23  Engineering Bay  
  57  5:24  Refinery  
  57  5:25  Engineering Bay  
  58  5:29  SCV  
  58  5:30  Marine  
  58  5:31  Banshee  
  63  5:40  SCV  
  64  5:44  Refinery  
  64  5:45  Supply Depot, Factory Reactor, SCV  
  63  5:52  Terran Infantry Weapons Level 1  
  63  5:54  SCV  
  64  5:58  Marine x2, SCV  
  64  5:59  Supply Depot  
  67  6:05  Marine x3  
  67  6:09  Terran Infantry Armor Level 1  
  70  6:12  SCV x2  
  72  6:24  SCV  
  73  6:26  Marine x5, SCV  
  79  6:39  Command Center, SCV x2  
  81  6:45  Marine x3  
  84  6:51  SCV x2  
  84  6:54  Marine x2, Siege Tank  
  91  7:03  Marine, SCV x2  
  94  7:13  Combat Shield  
  94  7:14  Marine x3  
  94  7:15  Medivac x2  
  101  7:16  Supply Depot x2  
  101  7:21  SCV  
  102  7:35  Supply Depot  
  102  7:37  Marine x3, Siege Tank, Armory, SCV  
  102  7:38  Supply Depot  
  102  7:40  Supply Depot  
  109  7:47  Barracks  
  109  7:48  Barracks  
  109  7:51  SCV  
  109  7:52  SCV  
  109  7:58  SCV  
  112  8:04  Marine x3, SCV  
  107  8:12  Marine x2  
  98  8:14  SCV  
  98  8:16  Orbital Command, SCV  
  84  8:22  Marine x3  
  84  8:25  Medivac, Siege Tank  
  84  8:26  Medivac, SCV  
  91  8:28  SCV  
  91  8:29  Marine  
  91  8:32  Orbital Command  
  91  8:36  Marine  
  91  8:38  Concussive Shells  
  91  8:40  SCV x2  
  93  8:41  Terran Infantry Weapons Level 2  
  93  8:47  Marine x4  
  97  8:49  Barracks Reactor x2  
  97  8:53  Factory, SCV  
  98  8:56  SCV  
  98  8:57  SCV  
  100  9:06  SCV  
  100  9:08  SCV  
  100  9:09  SCV  
  103  9:15  Marine x4  
  103  9:16  Marauder, Medivac  
  111  9:18  SCV  
  112  9:29  SCV x2  
  114  9:33  Marine x6  
  114  9:36  Marine  
  122  9:38  SCV  
  122  9:40  Marine x2, Siege Tank  
  122  9:41  SCV  
  122  9:42  Factory Tech Lab  
  128  9:51  Marine x4  
  128  9:52  Marine x2, Medivac x2  
  110  9:54  Marine  
  110  9:58  SCV x2  
  110  9:59  Marine x2  
  107  10:04  Orbital Command  
  101  10:09  Marine x3  
  98  10:15  Marine x4  
  98  10:17  Marine x2  
  104  10:22  Medivac  
  108  10:28  Siege Tank x2  
  108  10:31  SCV x3  
  114  10:37  Terran Infantry Armor Level 2  
  114  10:46  Marine x7  
  114  10:47  Marine  
  122  10:56  Marine  
  123  11:00  Siege Tank x2  
  123  11:04  Marine  
  116  11:18  Marine x2  
  115  11:19  Marine x5  
  115  11:21  Marauder  
  115  11:22  Medivac x2  
  126  11:26  SCV x2  
  126  11:31  Orbital Command  
  128  11:39  SCV  
  130  11:40  SCV  
  130  11:42  Terran Infantry Weapons Level 3  
  130  11:44  Terran Vehicle Weapons Level 1  
  130  11:51  Bunker, SCV  
  130  11:52  SCV  
  130  11:53  Bunker  
  132  12:03  Siege Tank  
  132  12:04  SCV  
  136  12:16  Refinery  
  136  12:17  Refinery  
  136  12:20  Bunker x2  
  135  12:24  Marine x3, Siege Tank  
  132  12:40  Marauder, Marine x3  
  132  12:42  Marine x3  
  117  12:53  Marine  
  117  12:54  Marine  
  117  12:56  SCV x2  
  117  12:58  Marine x3  
  106  13:00  Marine  
  106  13:02  Marauder, SCV  
  106  13:11  Terran Infantry Armor Level 3  
  105  13:13  SCV  
  105  13:19  SCV x2  
  108  13:27  Marine  
  108  13:28  Marauder, Marine x4  
  108  13:29  Marine x2  
  108  13:30  SCV  
  118  13:39  Marine  
  118  13:40  Siege Tank  
  122  13:41  SCV x2  
  122  13:43  Siege Tank  
  122  13:45  Marine x2  
  122  13:46  Terran Vehicle Weapons Level 2  
  130  13:48  SCV  
  130  13:53  SCV x2  
  132  14:00  SCV  
  132  14:05  SCV  
  132  14:08  SCV  
  129  14:10  Marine x4  
  129  14:11  Marine x5  
  129  14:12  Widow Mine, SCV  
  129  14:15  Widow Mine  
  141  14:18  SCV  
  141  14:20  SCV  
  141  14:22  Ghost Academy, Viking  
  141  14:23  Viking  
  147  14:43  SCV x2  
  147  14:45  Command Center  
  147  14:52  Marauder, Siege Tank  
  146  15:00  Marine x3, SCV x2  
  146  15:01  Marine  
  152  15:09  Enhanced Shockwaves  
  149  15:15  Siege Tank  
  150  15:25  Siege Tank  
  152  15:30  Viking  
  154  15:51  Ghost  
  154  15:56  Supply Depot, Siege Tank, Viking  
  161  16:02  Viking  
  162  16:19  Ghost  
  154  16:26  Liberator  
  154  16:32  Liberator  
  157  16:41  Marine x5, Siege Tank x2  
  168  16:50  Ghost  
  170  16:58  Refinery  
  170  17:01  Refinery  
  170  17:09  Marine x4  
  170  17:13  Siege Tank  
  173  17:25  Planetary Fortress  
  173  17:28  Orbital Command  
Show
View Real Time Build Order
Export as new Build Order

OiLTowN Zerg 

Build Orders: Hatch First 

Get SALT Encoding   

  12  0:00  Drone  
  13  0:13  Overlord  
  13  0:16  Drone  
  14  0:31  Drone x2  
  16  0:47  Hatchery  
  15  0:51  Drone  
  15  0:54  Drone  
  17  0:57  Drone  
  18  1:08  Extractor  
  17  1:13  Spawning Pool  
  17  1:15  Drone  
  17  1:18  Drone  
  18  1:28  Drone  
  19  1:39  Drone  
  20  1:50  Drone  
  21  1:59  Queen x2  
  21  2:00  Zergling x4  
  27  2:11  Overlord  
  27  2:14  Drone  
  28  2:18  Roach Warren  
  28  2:22  Drone  
  28  2:31  Drone  
  28  2:35  Drone  
  28  2:36  Drone  
  30  2:37  Spore Crawler  
  30  2:44  Overlord  
  30  2:45  Overlord  
  30  3:03  Roach, Drone  
  33  3:11  Roach  
  33  3:12  Roach x6  
  47  3:13  Roach  
  49  3:26  Ravager  
  50  3:28  Overlord x2  
  50  3:42  Drone  
  51  3:48  Hatchery  
  51  3:49  Drone x3  
  53  3:58  Drone x2  
  55  4:03  Drone  
  55  4:07  Queen, Drone  
  59  4:13  Drone  
  56  4:21  Drone  
  56  4:22  Drone  
  56  4:23  Drone  
  57  4:24  Drone  
  58  4:32  Drone  
  58  4:35  Drone  
  52  4:42  Drone  
  52  4:45  Extractor  
  46  4:48  Drone  
  46  4:51  Lair  
  47  4:53  Extractor  
  47  4:54  Roach  
  47  4:59  Roach  
  50  5:07  Queen  
  50  5:08  Roach x2  
  50  5:09  Roach  
  50  5:13  Drone  
  59  5:20  Queen, Spore Crawler  
  60  5:28  Drone  
  61  5:30  Drone  
  61  5:31  Drone  
  62  5:37  Drone  
  62  5:38  Drone  
  62  5:39  Evolution Chamber  
  62  5:40  Evolution Chamber, Extractor  
  62  5:41  Drone  
  62  5:44  Drone  
  62  5:47  Drone  
  62  5:48  Glial Reconstitution  
  64  5:50  Drone x6  
  64  5:51  Drone  
  64  5:53  Spore Crawler  
  64  5:54  Overseer  
  70  6:07  Zerg Missile Weapons Level 1, Drone, Zerg Ground Armor Level 1  
  70  6:08  Drone x3  
  69  6:20  Drone x2  
  69  6:21  Drone x4  
  69  6:23  Overlord x3  
  74  6:32  Overlord x2  
  74  6:33  Overlord x2  
  74  6:42  Roach  
  74  6:43  Roach x5  
  86  6:52  Queen  
  88  6:55  Drone x5, Extractor x2  
  89  7:05  Drone x3  
  92  7:15  Queen x2  
  92  7:16  Roach x7  
  109  7:29  Roach x5  
  119  7:34  Roach  
  121  7:47  Drone x3  
  121  7:49  Roach x3  
  130  7:56  Overlord x3  
  130  7:57  Overlord  
  130  7:58  Hatchery  
  105  8:14  Roach x8  
  103  8:26  Roach x5  
  105  8:34  Zerg Missile Weapons Level 2, Zerg Ground Armor Level 2  
  105  8:37  Roach x3  
  105  8:39  Overlord  
  113  8:48  Roach  
  113  8:49  Roach x4  
  121  8:59  Roach  
  121  9:00  Roach x4  
  132  9:03  Ravager x7  
  138  9:13  Roach x6  
  150  9:23  Roach  
  150  9:24  Roach x5  
  157  9:34  Roach x3  
  157  9:35  Roach x2  
  167  9:48  Overseer  
  167  9:49  Roach x2  
  167  9:50  Roach x7  
  155  9:57  Roach x4  
  147  10:10  Roach x7  
  161  10:17  Queen  
  161  10:18  Queen  
  161  10:19  Roach  
  167  10:28  Drone x3  
  166  10:30  Overlord x3  
  168  10:37  Hydralisk Den  
  168  10:40  Ravager  
  168  10:42  Overseer  
  168  10:50  Ravager x4  
  168  10:51  Drone, Ravager x2  
  168  10:52  Drone x8  
  168  10:54  Extractor  
  168  10:55  Extractor  
  155  11:18  Hatchery  
  148  11:26  Infestation Pit, Zerg Melee Weapons Level 1  
  148  11:30  Overlord x5  
  147  11:34  Roach x8  
  147  11:39  Ravager x4  
  168  11:40  Ravager  
  168  11:45  Drone x2  
  168  11:46  Drone x3  
  173  11:51  Roach x5  
  183  11:58  Roach x4  
  191  12:07  Hive  
  191  12:10  Roach x4  
  191  12:13  Pneumatized Carapace  
  196  12:36  Roach x5  
  196  12:37  Roach x8  
  199  12:42  Roach  
  199  12:43  Roach x5  
  169  12:51  Roach x3  
  169  12:52  Roach x2  
  156  13:01  Roach x6  
  151  13:09  Roach x5  
  155  13:13  Ravager x4  
  155  13:14  Ravager x2  
  155  13:15  Ravager  
  162  13:20  Lurker Den  
  162  13:22  Viper x3  
  162  13:26  Evolution Chamber  
  169  13:30  Drone x5  
  174  13:42  Hydralisk  
  174  13:43  Hydralisk x3  
  182  13:52  Queen x2  
  172  14:04  Drone x7  
  178  14:30  Seismic Spines, Hydralisk x3  
  178  14:31  Hydralisk x4  
  186  14:40  Drone x5  
  186  14:41  Drone x2  
  183  15:06  Lurker x9  
  191  15:15  Drone x3  
  191  15:16  Drone  
  191  15:17  Drone x6  
  191  15:19  Extractor x2  
  191  15:20  Lurker x2  
  190  15:46  Adaptive Talons  
  190  16:01  Overseer  
  172  16:23  Viper x2, Roach  
  172  16:24  Roach x3  
  172  16:25  Roach x19  
  178  16:31  Hydralisk  
  161  16:42  Hydralisk x3  
  141  17:11  Ravager x6  
  144  17:18  Roach x8  
  145  17:27  Roach x4  
  145  17:28  Roach x3  
  137  17:35  Hydralisk  
  121  17:45  Roach x5  
  127  17:56  Lurker  
Tags
 
Add a new tag
Caveats
  • Supply blocks, unpowered buildings, or Contaminate may cause inaccurate times.
  • Supply counts are checked every 10 seconds.